 Dungeon Crawl Stone Soup version 0.31-a0-174-g85c54bcb58 (webtiles) character file.

Game seed: 4910603124190958972

146 qw the Chopper (level 5, -1/32 HPs)
             Began as a Gargoyle Fighter on June 15, 2023.
             Slain by a gnoll
             ... wielding a +0 spear
              (6 damage)
             ... on level 3 of the Dungeon.
             The game lasted 00:01:15 (2302 turns).

qw the Chopper (Gargoyle Fighter)                   Turns: 2302, Time: 00:01:15

Health: -1/32      AC: 16    Str: 28    XL:     5   Next: 28%
Magic:  5/5        EV: 10    Int:  8    God:
Gold:   109        SH:  4    Dex:  9    Spells: 4/4 levels left

rFire   . . .        Y - +1 war axe
rCold   . . .        c - +0 buckler
rNeg    + . .        j - +7 ring mail "Buphat" {Str+6}
rPois   inf          (no helmet)
rElec   +            (no cloak)
rCorr   .            (no gloves)
SInv    .            (no boots)
Will    .....        (no amulet) Stlth
                     (no ring)
HPRegen 0.25/turn    (no ring)
MPRegen 0.09/turn

%: no passive effects
@: no status effects
A: sickness immunity, AC +4, negative energy resistance 1, electricity
resistance, torment resistance 1, petrification resistance
a: no special abilities


You were on level 3 of the Dungeon.
You visited 1 branch of the dungeon, and saw 3 of its levels.

You collected 109 gold pieces.


Innate Abilities, Weirdness & Mutations

You are immune to sickness and miasma.
Your stone body is resilient. (AC +4)
You are immune to poison.
You resist negative energy. (rN+)
You are resistant to electric shocks. (rElec)
You are resistant to unholy torment.
You are immune to petrification.


   Skills:
 - Level 3.2 Fighting
 + Level 4.8 Axes
 - Level 3.2 Armour
 - Level 3.2 Shields


You had 4 spell levels left.
You didn't know any spells.
Your spell library was empty.

Inventory:

Hand Weapons
 a - a +0 flail
 Y - a +1 war axe (weapon)
Armour
 c - a +0 buckler (worn)
 j - the +7 ring mail "Buphat" (worn) {Str+6}
   (You took it off a hobgoblin on level 2 of the Dungeon)

   Str:       It affects your strength (+6).
Scrolls
 b - a scroll of poison {unknown}
 e - a scroll of identify
 g - 2 scrolls of enchant armour
Potions
 d - a potion of might
 k - a potion of attraction
 l - 2 potions of curing

Dungeon Overview and Level Annotations

Branches:
Dungeon (3/15)

Altars:
Elyvilon
Wu Jian


Message History

You block the gnoll's attack. The gnoll hits you but does no damage.
You hit the gnoll.
You kill the gnoll!
The gnoll hits you but does no damage. x2
You slash the gnoll!
The gnoll is severely wounded.
The gnoll hits you but does no damage. The gnoll hits you with a +0 club.
You slash the gnoll!
You kill the gnoll!
The gnoll closely misses you.
The gnoll hits you from afar with a +0 spear.
A worm comes into view.
Found a scale mail.
The gnoll hits you with a +0 spear. The gnoll barely misses you.
You see here a +0 club.
Enter note:
Enter note:
Enter note:
Enter note: You closely miss the gnoll. x2
The gnoll barely misses you. You block the gnoll's attack.
The gnoll hits you with a +0 spear. x2
You hit the gnoll.
The gnoll is moderately wounded.
You barely miss the gnoll. You block the gnoll's attack.
The gnoll barely misses you.
You hit the gnoll.
The gnoll is severely wounded.
You hit the gnoll. The gnoll barely misses you.
The gnoll hits you but does no damage.
You closely miss the gnoll.
The gnoll is severely wounded.
You hit the gnoll. You block the gnoll's attack. The gnoll barely misses you.
The gnoll hits you with a +0 spear. x2
You closely miss the gnoll.
The gnoll is severely wounded.
You barely miss the gnoll. The gnoll hits you but does no damage.
The gnoll hits you with a +0 spear.
You die...

.# .# .... .# ##. ..#
~~ ~~.# ..# #####~.#
..# #~~~#~.# #w####
#~_~#~?# #.... #~.~#~.#
#gg#
##.##~.#########@.##...
~~.~~~...)......)...>#
.......#########..#..#
~~.~~~.#########..# .#
##.##~.........[.<# #
#~.~#~#############
#~_~#~. #~~~#~..
#####~###


You could see a worm and 2 gnolls.

Vanquished Creatures
  5 gnolls (D:3)
  An adder (D:2)
  2 worms (D:2)
  3 dart slugs
  An orc (D:3)
  8 endoplasms
  3 giant cockroaches
  7 goblins
  6 hobgoblins
  5 jackals
  6 kobolds
  2 quokkas
  3 ball pythons (D:2)
  7 bats
  4 frilled lizards (D:1)
  6 rats
69 creatures vanquished.

Notes
Turn   | Place    | Note
-------+----------+-------------------------------------------
     0 | D:1      | qw the Gargoyle Fighter began the quest for the Orb.
     0 | D:1      | Reached XP level 1. HP: 14/14 MP: 1/1
     0 | D:1      | 0 ||| qw: Version: 0.2-a-29-g511e9b1
     0 | D:1      | 0 ||| qw: Game counter: 5296
     0 | D:1      | 0 ||| qw: Always use a shield: true
     0 | D:1      | 0 ||| qw: God list: Okawaru
     0 | D:1      | 0 ||| qw: Allow faded altars: false
     0 | D:1      | 0 ||| qw: Do Orc after D:15 true
     0 | D:1      | 0 ||| qw: Do second Lair branch before Depths: true
     0 | D:1      | 0 ||| qw: Lair rune preference: random
     0 | D:1      | 0 ||| qw: Plans: Normal, Zot:1-4, Slime:5, God:TSO, Crypt,
                  | Tomb, Abyss, Pan, Hells, Win
     0 | D:1      | 0 ||| PLANNING D:1-11
    45 | D:1      | Reached skill level 2 in Axes
   121 | D:1      | Reached XP level 2. HP: 19/19 MP: 2/2
   350 | D:1      | Reached skill level 3 in Axes
   381 | D:1      | Reached XP level 3. HP: 22/23 MP: 3/3
   434 | D:1      | 434 ||| Stepping ~*~*~tactically~*~*~ (hiding).
   832 | D:1      | 832 ||| Stepping ~*~*~tactically~*~*~ (stealth).
   834 | D:1      | 834 ||| Stepping ~*~*~tactically~*~*~ (stealth).
   875 | D:1      | 875 ||| DROPPING orb of energy.
   876 | D:1      | 876 ||| READING scroll labelled DALI CYLASSE.
   877 | D:1      | 877 ||| READING 3 scrolls labelled ULUNKY XATIKA.
   878 | D:1      | 878 ||| READING scroll labelled YFUOMP HANE.
   879 | D:1      | 879 ||| READING scroll labelled KIM PITIAR.
   993 | D:2      | 993 ||| DROPPING +0 club.
  1147 | D:2      | Reached XP level 4. HP: 28/28 MP: 4/4
  1149 | D:2      | 1149 ||| Stepping ~*~*~tactically~*~*~ (stealth).
  1187 | D:2      | 1187 ||| Stepping ~*~*~tactically~*~*~ (stealth).
  1213 | D:2      | Reached skill level 4 in Axes
  1251 | D:2      | Identified the +7 ring mail "Buphat" {Str+6}
  1252 | D:2      | 1252 ||| Stepping ~*~*~tactically~*~*~ (stealth).
  1253 | D:2      | 1253 ||| Stepping ~*~*~tactically~*~*~ (stealth).
  1254 | D:2      | 1254 ||| Stepping ~*~*~tactically~*~*~ (stealth).
  1713 | D:2      | 1713 ||| UPGRADING to +7 ring mail "Buphat" {Str+6}.
  1723 | D:2      | 1723 ||| DROPPING +0 scale mail.
  1724 | D:2      | 1724 ||| READING 3 scrolls labelled KEHUFUMIBY.
  1725 | D:2      | 1725 ||| DRINKING 2 grey potions.
  1726 | D:2      | 1726 ||| DRINKING 2 pink potions.
  1830 | D:2      | 1830 ||| DRINKING 3 murky grey potions.
  1831 | D:2      | 1831 ||| READING 2 scrolls of identify.
  1831 | D:2      | 1831 ||| IDENTIFYING viscous purple potion
  1832 | D:2      | 1832 ||| DROPPING potion of invisibility.
  1833 | D:2      | 1833 ||| DROPPING potion of berserk rage.
  1834 | D:2      | 1834 ||| DROPPING 2 scrolls of immolation.
  1945 | D:3      | Reached XP level 5. HP: 26/32 MP: 5/5
  1968 | D:3      | 1968 ||| DROPPING +0 whip.
  2259 | D:3      | Found an ornate altar of the Wu Jian Council.
  2259 | D:3      | Found a white marble altar of Elyvilon.
  2287 | D:3      | 2287 ||| Stepping ~*~*~tactically~*~*~ (hiding).
  2301 | D:3      | HP: 5/32 [gnoll/+0 spear (4)]
  2302 | D:3      | Slain by a gnoll

Levels and vault maps discovered:
D:1:      wander_arrival_desolate, layout_loops_ring
D:2:      layout_loops_ring, minmay_misc_feat_rugged
D:3:      layout_basic, nicolae_overflow_two_pavilions, kennysheep_donut,
          amcnicky_mini_corridor_feature, minmay_misc_feat_secret_circle,
          kennysheep_pointless_box, hangedman_abyss_or_decor_lesser_grid

Skill      XL: |  1  2  3  4 |
---------------+-------------+-----
Axes           | 2 3 4 |  4.8
Fighting       | |  3.2
Armour         | |  3.2
Shields        | |  3.2

Action                     |  1- 3 |  4- 6 || total
---------------------------+-------+-------++-------
  Melee: War axe           |   102 |    72 ||   174
    Use: Scroll            |     4 |     2 ||     6
         Potion            |       |     3 ||     3
 Armour: Scale mail        |    50 |    15 ||    65
         Ring mail         |       |    15 ||    15
  Dodge: Dodged            |    37 |    32 ||    69
  Block: Buckler           |    17 |    11 ||    28

Table legend:
 A = Non-vault XP
 B = Vault XP
 C = Vault XP percentage of total XP
 D = Non-vault monster count
 E = Vault monster count
 F = Vault count percentage of total count
                 A         B        C        D         E       F
            +---------+---------+-------+---------+---------+-------
      Total |     209 |       0 |   0.0 |      69 |       0 |   0.0
            +---------+---------+-------+---------+---------+-------
        D:1 |      64 |       0 |   0.0 |      35 |       0 |   0.0
        D:2 |      53 |       0 |   0.0 |      21 |       0 |   0.0
        D:3 |      92 |       0 |   0.0 |      13 |       0 |   0.0
            +---------+---------+-------+---------+---------+-------
